 Dungeon Crawl Stone Soup version 0.18.1-8-gdd0e5ea (webtiles) character file.

140 Nimbul the Charlatan (level 5, -3/31 HPs)
             Began as a Kobold Artificer on May 29, 2016.
             Slain by a worker ant (5 damage)
             ... on level 4 of the Dungeon on May 30, 2016.
             The game lasted 00:16:10 (2661 turns).

Nimbul the Charlatan (Kobold Artificer)             Turns: 2661, Time: 00:16:11

Health: -3/31      AC:  7    Str:  9      XL:     5   Next: 46%
Magic:  8/8        EV: 18    Int: 10      God:
Gold:   135        SH:  0    Dex: 22 (23) Spells: 0 memorised, 4 levels left

rFire  . . .     SeeInvis .     a - +0 short sword
rCold  . . .     Gourm    .     j - +1 ring mail
rNeg   . . .     Faith    +     (shield restricted)
rPois  .         Spirit   .     (no helmet)
rElec  .         Dismiss  .     (no cloak)
rCorr  .         Reflect  .     (no gloves)
SustAt .         Harm     .     q - +0 pair of boots
MR     .....                    g - amulet of faith
Stlth  +++.......               (no ring)
                                (no ring)

@: agile, lethally poisoned (-3 -> -10), not resistant to hostile enchantments,
fairly stealthy
A: hooves 1, carnivore 3
a: no special abilities


You were on level 4 of the Dungeon.
You were not hungry.

You visited 1 branch of the dungeon, and saw 4 of its levels.

You collected 135 gold pieces.

Inventory:

Hand Weapons
 a - a +0 short sword (weapon)
 k - a +0 short sword of venom
 m - a +0 short sword of venom
 s - a +0 hunting sling
 v - a +3 dagger of venom
Missiles
 h - 62 sling bullets
 i - 99 stones (quivered)
Armour
 b - a +0 leather armour
 j - a +1 ring mail (worn)
 q - a +0 pair of boots (worn)
Jewellery
 g - an amulet of faith (around neck)
Wands
 e - a wand of enslavement (24/24)
 f - a wand of flame (2/48)
 r - a wand of random effects (15/48)
Scrolls
 o - 4 scrolls of identify
 p - 2 scrolls of teleportation
Books
 t - a book of Cantrips

   Spells                             Type                      Level
   a - Corona                         Hexes                        1
   b - Animate Skeleton               Necromancy                   1
   c - Summon Small Mammal            Summoning                    1
   d - Apportation                    Translocation                1
Comestibles
 c - 3 meat rations
 l - 3 beef jerkies
 n - a slice of pizza


   Skills:
 * Level 2.3 Fighting
 - Level 3.4 Short Blades
 * Level 2.6 Slings
 - Level 2.4 Dodging
 + Level 3.3 Stealth
 + Level 4.1 Evocations


You had 4 spell levels left.
You didn't know any spells.

Dungeon Overview and Level Annotations

Branches:
Dungeon (4/15)
 Temple: D:4-7

Altars:


Innate Abilities, Weirdness & Mutations

You are small and have problems with some larger weapons.
You are carnivorous and can eat meat at any time.
You have large cloven feet.


Message History

The worker ant is almost dead.
You feel sick. The worker ant closely misses you.
Evoke which item? (* to show all) (? for menu, Esc to quit)
Zapping:
f - a wand of flame (4/48)
Press: ? - help, Shift-Dir - straight line, f/p - worker ant
Aim: a worker ant (almost dead)
The puff of flame misses the worker ant.
This wand has 3 charges left.
You feel sick. The worker ant misses you.
You hit the worker ant but do no damage.
The worker ant is almost dead.
You feel sick. The worker ant bites you!
* * * LOW HITPOINT WARNING * * *
Evoke which item? (* to show all) (? for menu, Esc to quit)
Zapping:
f - a wand of flame (3/48)
Press: ? - help, Shift-Dir - straight line, f/p - worker ant
Aim: a worker ant (almost dead)
The puff of flame hits the worker ant.
The worker ant appears unharmed.
The worker ant is almost dead.
This wand has 2 charges left.
The worker ant bites you.
You die...

#...##..#
.........
#.......#
#.......#
#.......#
#.......#
##..##..#
#..##..# +##
#....#..##..##
#....#...@a..#
#....#.......#
##############


You could see a worker ant.

Vanquished Creatures
  A hound (D:4)
  6 adders
  2 oozes (D:2)
  An orc (D:3)
  A ball python (D:3)
  7 bats
  A goblin (D:2)
  7 hobgoblins
  4 jackals (D:1)
  3 kobolds
  A quokka (D:3)
  4 giant newts
  A quokka skeleton (D:3)
  10 rats
49 creatures vanquished.

Notes
Turn   | Place    | Note
--------------------------------------------------------------
     0 | D:1      | Nimbul the Kobold Artificer began the quest for the Orb.
     0 | D:1      | Reached XP level 1. HP: 12/12 MP: 3/3
    98 | D:1      | Reached XP level 2. HP: 15/16 MP: 4/4
   205 | D:1      | Reached skill level 1 in Slings
   211 | D:1      | Gained mutation: You have large cloven feet. [potion of beneficial mutation]
   680 | D:2      | Reached XP level 3. HP: 16/21 MP: 5/5
  1442 | D:2      | Reached XP level 4. HP: 26/26 MP: 6/6
  2286 | D:4      | Reached XP level 5. HP: 13/30 MP: 7/7
  2632 | D:4      | Reached skill level 4 in Evocations
  2661 | D:4      | Slain by a worker ant

Skill      XL: |  1  2  3  4  5 |
---------------+----------------+-----
Slings         | 1 2 |  2.6
Short Blades   | 2 3 |  3.4
Stealth        | 2 3 |  3.3
Fighting       | 2 |  2.3
Evocations     | 4 |  4.1
Dodging        | |  2.4

Action                   |  1- 3 |  4- 6 || total
-------------------------+-------+-------++-------
Melee: Short sword       |    47 |    18 ||    65
       Kick              |     6 |     3 ||     9
       Dagger            |     3 |    20 ||    23
 Fire: Hunting sling     |     7 |    27 ||    34
Throw: Stone             |       |     3 ||     3
Evoke: Wand              |       |    13 ||    13
  Use: Potion            |     2 |     3 ||     5
       Scroll            |     6 |     1 ||     7
 Stab: Sleeping          |     5 |     1 ||     6
  Eat: Chunk             |     4 |     5 ||     9
Armor: Leather armour    |     4 |       ||     4
       Ring mail         |     9 |     7 ||    16
Dodge: Dodged            |    30 |    36 ||    66
